 Dungeon Crawl Stone Soup version 0.29.1-15-g9cfb28693d (webtiles) character file.

Game seed: 11720909551941639916

316 safid the Chiller (level 6, 0/48 HPs)
             Began as a Merfolk Ice Elementalist on Mar 16, 2023.
             Was an Initiate of Vehumet.
             Slain by Grinder (6 damage)
             ... on level 4 of the Dungeon.
             The game lasted 00:07:36 (4440 turns).

safid the Chiller (Merfolk Ice Elementalist)        Turns: 4440, Time: 00:07:36

Health: 0/48       AC: 12    Str:  9    XL:     6   Next: 44%
Magic:  7/11       EV: 12    Int: 16    God:    Vehumet [......]
Gold:   206        SH:  0    Dex: 14    Spells: 5/12 levels left

rFire   + . .      SeeInvis +   y - +2 short sword (venom)
rCold   . . .      Faith    .   (no shield)
rNeg    . . .      Spirit   .   a - +0 robe
rPois   .          Reflect  .   x - +0 helmet
rElec   .          Harm     .   (no cloak)
rCorr   .          Rampage  .   (no gloves)
Will    .....                   t - +2 pair of boots {Stlth+}
Stlth   +++.......              z - amulet of magic regeneration
HPRegen 0.16/turn               k - ring of see invisible
MPRegen 0.52/turn               l - ring of protection from fire

@: ice-armoured
A: (nimble swimmer 2), mertail
a: Renounce Religion


You were on level 4 of the Dungeon.
You worshipped Vehumet.
Vehumet was noncommittal.
You visited 2 branches of the dungeon, and saw 5 of its levels.

You collected 206 gold pieces.

Inventory:

Hand Weapons
 y - a +2 short sword of venom (weapon)
Missiles
 d - 6 javelins
 A - 2 curare-tipped darts
Armour
 a - a +0 robe (worn)
 t - a +2 pair of boots of stealth (worn)
 x - a +0 helmet (worn)
Jewellery
 k - a ring of see invisible (left hand)
 l - a ring of protection from fire (right hand)
 z - an amulet of magic regeneration (around neck)
Wands
 v - a wand of flame (28)
Scrolls
 c - a scroll of blinking {unknown}
 h - a scroll of teleportation {unknown}
 j - 2 scrolls of identify {unknown}
 m - a scroll of amnesia {unknown}
 o - 2 scrolls of vulnerability {unknown}
 p - a scroll of poison {unknown}
 s - 2 scrolls of fear {unknown}
Potions
 b - a potion of magic
 e - a potion of lignification {unknown}
 f - a potion of resistance {unknown}
 g - 2 potions of mutation {unknown}
 i - a potion of flight {unknown}
 n - 2 potions of curing {unknown}
 q - a potion of degeneration {unknown}
 r - a potion of cancellation {unknown}
 u - a potion of heal wounds {unknown}
 w - a potion of haste {unknown}


   Skills:
 + Level 3.7 Fighting
 - Level 2.6 Dodging
 - Level 2.1 Stealth
 + Level 3.8 Spellcasting
 + Level 5.9 Ice Magic


You had 5 spell levels left.
You knew the following spells:

 Your Spells              Type           Power      Damage    Failure   Level
a - Freeze                Ice            88%        1d10      1%          1
b - Frozen Ramparts       Ice            44%        1d7       4%          3
c - Ozocubu's Armour      Ice            22%        N/A       4%          3

Your spell library contained the following spells:

 Spells                   Type           Power      Damage    Failure   Level
 Confusing Touch          Hex            3%         N/A       45%         3
 Gell's Gravitas          Tloc           3%         N/A       45%         3
 Lesser Beckoning         Tloc           3%         N/A       45%         3
 Teleport Other           Tloc           3%         N/A       45%         3
 Hailstorm                Conj/Ice       12%        3d5       45%         4
 Yara's Violent Unravell  Hex/Tmut       1%         3d3       99%         5
 Enfeeble                 Hex            1%         N/A       100%        7


Dungeon Overview and Level Annotations

Branches:
Dungeon (4/15)             Temple (1/1) D:4

Altars:
Ashenzari
Cheibriados
Dithmenos
Fedhas
Gozag
Hepliaklqana
Kikubaaqudgha
Makhleb
Sif Muna
Uskayaw
Vehumet
Xom
Yredelemnul
Zin

Annotations:
D:4 Grinder


Innate Abilities, Weirdness & Mutations

((You are very nimble when in or above water. (Stealth+, EV+, Speed+++)))
Your lower body shifts to a powerful aquatic tail in water.


Message History

The wall freezes Grinder but does no damage.
Grinder hits you.
The wall freezes Grinder but does no damage.
Grinder hits you but does no damage.
You hit Grinder.
Grinder is lightly wounded.
The wall freezes Grinder but does no damage.
Grinder hits you but does no damage.
You closely miss Grinder.
Grinder is lightly wounded.
Grinder resists.
The wall freezes Grinder.
Grinder gestures at you. Pain shoots through your body!
You closely miss Grinder.
Grinder is lightly wounded.
Grinder completely resists.
The wall freezes Grinder but does no damage.
Grinder hits you.
You writhe in agony.
You are too injured to fight recklessly!
You are too injured to fight recklessly!
You are too injured to fight recklessly!
Unknown command.
Casting: Frozen Ramparts (dangerous; 4% risk of failure)
Confirm with . or Enter, or press ? or * to list all spells.
Aiming: Freeze (safe; 1% risk of failure)
Press: ? - help, Shift-Dir - straight line, f - Grinder
Aim: Grinder (lightly wounded)
You freeze Grinder.
Grinder resists.
Grinder is lightly wounded.
Grinder completely resists.
The wall freezes Grinder but does no damage.
Grinder hits you!
You writhe in agony.
* * * LOW HITPOINT WARNING * * *
Casting: Freeze (safe; 1% risk of failure)
Confirm with . or Enter, or press ? or * to list all spells.
Your icy armour thickens.
Grinder resists.
The wall freezes Grinder.
Grinder hits you.
* * * LOW HITPOINT WARNING * * *
The frozen ramparts melt away.
Grinder hits you.
You die...

#..## ..
##..# .##
#... ..##
#... ...#
##.†. ###
#..# ##..##
#..# #..#
##..### #..#
#5.# ##..##
#..# #@.#
##..## #..##
#..# #..## #
#...###..#
##.## ##
#....##..#
##..# ##.
#........#
##..## #..
#.).....##
#.†.# #..
#))######
#...## #..
#..# #....##
#.. #..###
#######...##
#..


You could see Grinder.

Vanquished Creatures
  A howler monkey (D:4)
  An orc priest (D:4)
  An iguana (D:4)
  Terence (D:3)
  Ijyb (D:3)
  7 adders
  A worm (D:2)
  A dart slug (D:4)
  10 orcs
  9 bats
  6 endoplasms
  5 giant cockroaches
  8 goblins
  8 hobgoblins
  6 jackals (D:2)
  6 quokkas
  5 ball pythons
  6 frilled lizards
  6 kobolds (D:1)
  3 rats (D:1)
92 creatures vanquished.

Notes
Turn   | Place    | Note
-------+----------+-------------------------------------------
     0 | D:1      | safid the Merfolk Ice Elementalist began the quest for the
                  | Orb.
     0 | D:1      | Reached XP level 1. HP: 13/13 MP: 3/3
   264 | D:1      | Reached XP level 2. HP: 19/20 MP: 0/5
   271 | D:1      | Reached skill level 1 in Fighting
   720 | D:1      | Reached XP level 3. HP: 23/26 MP: 3/6
   726 | D:1      | Learned a level 3 spell: Frozen Ramparts
  1319 | D:2      | Reached skill level 5 in Ice Magic
  1319 | D:2      | Reached XP level 4. HP: 33/33 MP: 5/8
  1349 | D:2      | Learned a level 3 spell: Ozocubu's Armour
  2061 | D:3      | Noticed Terence
  2062 | D:3      | Found an opulent altar of Gozag.
  2074 | D:3      | Killed Terence
  2217 | D:3      | Reached XP level 5. HP: 35/39 MP: 5/9
  2265 | D:3      | Found a snail-covered altar of Cheibriados.
  2352 | D:3      | Noticed Ijyb
  2362 | D:3      | Killed Ijyb
  2539 | D:3      | Found a shimmering altar of Xom.
  2737 | D:3      | Found a shimmering blue altar of Sif Muna.
  2972 | D:3      | Found a faded altar of an unknown god.
  3348 | D:4      | Found a staircase to the Ecumenical Temple.
  3352 | Temple   | Entered the Ecumenical Temple
  3443 | Temple   | Became a worshipper of Vehumet
  3573 | D:4      | Reached XP level 6. HP: 47/47 MP: 9/11
  4054 | D:4      | Found a blossoming altar of Fedhas.
  4419 | D:4      | Noticed Grinder
  4428 | D:4      | Paralysed by Grinder for 2 turns
  4440 | D:4      | Slain by Grinder

Illustrated notes

Levels and vault maps discovered:
D:1:      shiori_arrival_oz, layout_rooms
D:2:      layout_loops_ring
D:3:      minmay_general_purpose_star, layout_rooms, tgw_xom, lemuel_tele_altar,
          nicolae_overflow_crystal_walls, cheibriados_altar_1,
          ebering_ecumenical_altar_sacrificial, patterned_corridor,
          uniq_terence, uniq_ijyb
D:4:      layout_layer_cave, kennysheep_little_box, minmay_temple_entry_grid,
          minmay_misc_feat_room, uniq_grinder
Temple:   dpeg_three_leaves_temple

Skill      XL: |  1  2  3  4  5 |
---------------+----------------+-----
Fighting       | 1 2 3 |  3.7
Ice Magic      | 5 |  5.9
Spellcasting   | 3 |  3.8
Dodging        | |  2.6
Stealth        | |  2.1

Action                   |  1- 3 |  4- 6 || total
-------------------------+-------+-------++-------
Melee: Whip              |    33 |       ||    33
       Dagger            |    16 |    51 ||    67
       Short sword       |       |    63 ||    63
       Punch             |       |     1 ||     1
 Cast: Freeze            |    36 |    26 ||    62
       Frozen Ramparts   |     1 |     7 ||     8
       Ozocubu's Armour  |       |     4 ||     4
 Stab: Sleeping          |     1 |    14 ||    15
       Distracted        |       |     1 ||     1
Armor: Robe              |    26 |    43 ||    69
Dodge: Dodged            |    61 |    72 ||   133
